[Event "Team 45 45 League T25"]
[Site "Free Internet Chess Server"]
[Date "2005.01.24"]
[Round "6"]
[White "YOIULI"]
[Black "hexan"]
[Result "1-0"]
[WhiteElo "1940"]
[BlackElo "2038"]
[TimeControl "2700+45"]

1. e4 c5 2. c3 d5 3. exd5 Qxd5 4. Nf3 Bg4 5. Qa4+ Bd7 6. Bb5 Qe6+ 7. Kd1 Nc6 8. Re1 Qg6 9. g3 Nf6 10. d4 Rd8 11. Nh4 Qh5+ 12. Be2 Qd5 13. Bf3 Bg4 14. Bxg4 Nxg4 15. Be3 Nxe3+ 16. fxe3 g5 17. e4 Qd7 18. Nf5 e6 19. Nd2 exf5 20. exf5+ Ne7 21. Qc2 f6 22. Re6 cxd4 23. c4 Kf7 24. Ne4 Bg7 25. Qe2 Nxf5 26. Nc5 Qc7 27. Qh5+ Kg8 28. Re8+ Bf8 29. Ne6 Ne3+ 30. Kd2 Nxc4+ 31. Kc1 Ne3+ 32. Nxc7 Rxe8 33. Nxe8   {Black resigns} 1-0

[Event "Team 45 45 League T25"]
[Site "Free Internet Chess Server"]
[Date "2005.01.24"]
[Round "6"]
[White "sidiAhmed"]
[Black "TrondTumyr"]
[Result "1-0"]
[WhiteElo "1696"]
[BlackElo "1832"]
[TimeControl "2700+45"]

1. d4 d5 2. c4 e5 3. e3 dxc4 4. Bxc4 exd4 5. Nf3 Bg4 6. Bxf7+ Kxf7 7. Ne5+ Ke8 8. Qxg4 Nf6 9. Qxd4 Qxd4 10. exd4 Nbd7 11. Nc3 Bd6 12. f4 a6 13. a4 Rd8 14. O-O Nb6 15. Re1 Kf8 16. b3 Bb4 17. Bb2 Rxd4 18. Red1 Rxf4 19. Rd8+ Ne8 20. Re1 Bc5+ 21. Kh1 Rd4 22. Rb8 Be7 23. a5 Nd7 24. Nxd7+ Rxd7 25. Ne4 Kf7 26. Rf1+ Bf6 27. Nxf6 gxf6 28. Bxf6 Rf8 29. Bb2+ Kg8 30. Kg1 Rxf1+ 31. Kxf1 Kf7 32. Rxb7 Nd6 33. Ra7 Ne4 34. Rxa6 Nd2+ 35. Ke1 Nxb3 36. Rf6+ Ke7 37. a6 c5 38. Rb6 Na5 39. Bc3 Nc4 40. Rb7   {Black resigns} 1-0

[Event "Team 45 45 League T25"]
[Site "Free Internet Chess Server"]
[Date "2005.01.22"]
[Round "6"]
[White "Louro"]
[Black "Berk"]
[Result "1/2-1/2"]
[WhiteElo "1858"]
[BlackElo "1708"]
[TimeControl "2700+45"]

1. e4 c5 2. Nf3 Nc6 3. d4 cxd4 4. Nxd4 d6 5. Nc3 Nf6 6. Bg5 e5 7. Nb3 Be7 8. Qd2 Be6 9. O-O-O Bxb3 10. cxb3 Nd4 11. f3 Rc8 12. Kb1 O-O 13. Be3 d5 14. Bxd4 exd4 15. Qxd4 Bc5 16. Qe5 Re8 17. Qg5 d4 18. Bc4 h6 19. Qf5 Qe7 20. Nd5 Nxd5 21. Bxd5 a5 22. Rc1 b6 23. Rhd1 Rc7 24. Qf4 Rec8 25. Qf5 Qg5 26. Qxg5 hxg5 27. a3 Kf8 28. b4 axb4 29. axb4 Bxb4 30. Rxc7 Rxc7 31. Rxd4 Bc5 32. Rc4 Ke7 33. Kc2 f6 34. Kd3 Kd6 35. h3 b5 36. Rc2 Bb6 37. Rxc7 Bxc7 38. Kc3 Ba5+ 39. Kd4 Bb6+ 40. Kc3 Ba5+ 41. b4 Bb6 42. Bb7 Ba7 43. Ba6 Kc6 44. Kd3 Bg1 45. Kc3 Ba7 46. Bc8 Bg1 47. Be6 Bf2 48. Bf7 Bg1 49. Be8+ Kb6   {Game drawn by mutual agreement} 1/2-1/2

[Event "Team 45 45 League T25"]
[Site "Free Internet Chess Server"]
[Date "2005.01.25"]
[Round "6"]
[White "kballoloco"]
[Black "malevolentmick"]
[Result "1-0"]
[WhiteElo "1520"]
[BlackElo "1694"]
[TimeControl "2700+45"]

1. e4 c5 2. Nf3 d6 3. d4 cxd4 4. Nxd4 Nf6 5. Nc3 g6 6. Bc4 Bg7 7. f3 O-O 8. Be3 Nc6 9. Qd2 Bd7 10. O-O-O a6 11. g4 Ne5 12. Bb3 Rc8 13. Kb1 b5 14. Bh6 Nc4 15. Bxc4 Rxc4 16. Bxg7 Kxg7 17. h4 h5 18. g5 Ng8 19. Nd5 a5 20. f4 b4 21. f5 Kh7 22. Rhf1 a4 23. fxg6+ fxg6 24. Rxf8 Qxf8 25. Nb6 Rc7 26. Nxd7 Rxd7 27. Qxb4 Qa8 28. Ne6 Ra7 29. Qd4 Nf6 30. gxf6 exf6 31. Qxf6 Qg8 32. Rxd6 Rf7 33. Ng5+ Kh6 34. Nxf7+ Kh7 35. Ng5+ Kh6 36. Rd8 a3 37. Rxg8 axb2 38. Qh8#   {Black checkmated} 1-0

[Event "Team 45 45 League T25"]
[Site "Free Internet Chess Server"]
[Date "2005.01.21"]
[Round "6"]
[White "geolas"]
[Black "RussoTuristo"]
[Result "1-0"]
[WhiteElo "1798"]
[BlackElo "1853"]
[TimeControl "2700+45"]

1. e4 c6 2. d4 d5 3. e5 Bf5 4. Nc3 e6 5. g4 Bg6 6. h4 h5 7. Nge2 c5 8. dxc5 Bxc5 9. Nf4 Ne7 10. Nxg6 Nxg6 11. Bg5 Qc7 12. f4 Bb4 13. Rh3 hxg4 14. Qxg4 d4 15. O-O-O Bxc3 16. bxc3 Qa5 17. Rxd4 Nc6 18. Rd6 Rc8 19. h5 Nf8 20. Bc4 Qc5 21. Bb3 f6 22. Rxe6+ Nxe6 23. Qxe6+ Ne7 24. Qf7+ Kd8 25. Rd3+ Kc7 26. exf6 gxf6 27. Bxf6 Rcf8 28. Qxe7+ Qxe7 29. Bxe7 Rf5 30. Rd5 Rxd5 31. Bxd5 Rxh5 32. Bg5 b6 33. Bf3 Rh3 34. Bg4 Rxc3 35. f5 Kd6 36. f6   {Black resigns} 1-0

[Event "Team 45 45 League T25"]
[Site "Free Internet Chess Server"]
[Date "2005.01.23"]
[Round "6"]
[White "Pilia"]
[Black "RomaLavrn"]
[Result "1-0"]
[WhiteElo "1927"]
[BlackElo "1757"]
[TimeControl "2700+45"]

1. e4 c6 2. Nf3 d5 3. Nc3 Bg4 4. h3 Bh5 5. exd5 cxd5 6. Bb5+ Nc6 7. g4 Bg6 8. Ne5 Rc8 9. d4 e6 10. Bf4 Bb4 11. Nxc6 bxc6 12. Ba6 Ne7 13. Bxc8 Qxc8 14. O-O Bxc3 15. bxc3 O-O 16. Rb1 c5 17. Qd2 cxd4 18. cxd4 Qxc2 19. Qxc2 Bxc2 20. Rb7 Nc6 21. Be3 Bd3 22. Rc1 Bc4 23. Rc7 Nb4 24. Rxa7 Nxa2 25. Rxc4 dxc4 26. Rxa2 h6 27. Ra5 Rc8 28. Rc5 Rxc5 29. dxc5 Kf8 30. Kf1 Ke7 31. Ke1 Kd7 32. Kd2 Kc6 33. Kc3 Kb5 34. f4 f6 35. Bd4 g5 36. fxg5 fxg5 37. Bg7 Kxc5 38. Bxh6 e5 39. Bxg5 e4 40. h4 Kd5 41. Bf4   {Black resigns} 1-0

[Event "Team 45 45 League T25"]
[Site "Free Internet Chess Server"]
[Date "2005.01.23"]
[Round "6"]
[White "sacKING"]
[Black "Plattner"]
[Result "0-1"]
[WhiteElo "1790"]
[BlackElo "1703"]
[TimeControl "2700+45"]

1. c4 f5 2. g3 Nf6 3. Bg2 g6 4. Nc3 Bg7 5. d3 O-O 6. e4 d6 7. Nge2 c6 8. O-O Qb6 9. Be3 Qxb2 10. Rb1 Qa3 11. Qd2 Qa5 12. Bh6 fxe4 13. Bxg7 Kxg7 14. d4 Qc7 15. Nf4 e5 16. dxe5 dxe5 17. Nh3 Bf5 18. Rbe1 Nbd7 19. Ng5 h6 20. Ngxe4 Rad8 21. Qb2 Nb6 22. Qb4 Rd4 23. Nc5 Rxc4 24. Qa5 Nbd5 25. Qxc7+ Nxc7 26. N5e4 Nxe4 27. Nxe4 Ra4 28. Nc3 Ra3 29. Re3 Ra5 30. h3 h5 31. Rfe1 Rc5 32. Kf1 Rd8 33. Rxe5 Bd3+ 34. Kg1 Rxe5 35. Rxe5 Re8 36. Ra5 Re1+ 37. Kh2 a6 38. Ra4 Rc1 39. Ne4 c5 40. Ng5 b5 41. Rf4 Bc4 42. Re4 Rc2 43. h4 Rxf2 44. Re7+ Bf7 45. Rxc7 Kg8 46. Rxc5 Rxa2 47. Nxf7 b4 48. Rc8+ Kxf7 49. Kg1 Ra1+ 50. Kf2 a5 51. Rb8 Ke6 52. Rb6+ Ke5 53. Rxg6 Ra2+ 54. Kf3 Ra3+ 55. Kf2 Ra2+ 56. Kg1 a4 57. Rg5+ Kd4 58. Rxh5 b3 59. Rb5 b2 60. Rd5+ Kc3 61. Be4 Ra1+ 62. Kf2 a3 63. Rb5 a2 64. g4 Rf1+ 65. Kxf1 a1=Q+ 66. Kf2 Qa7+ 67. Kf3 Qf7+ 68. Bf5 Qc4 69. Rb8 Qf1+ 70. Kg3 Qg1+ 71. Kf3 Qh2 72. Rc8+ Kd4 73. Rd8+ Ke5 74. Re8+ Kf6 75. h5 Qh1+ 76. Kf4 Qf1+ 77. Kg3 b1=Q 78. Bxb1 Qxb1 79. Re3 Qg1+ 80. Kf4 Qh2+ 81. Rg3 Qd2+ 82. Re3 Qd6+ 83. Kf3 Kg5 84. Re4 Qf6+ 85. Kg3 Qc3+ 86. Kf2 Qd3 87. Re3 Qd4 88. h6 Qf6+ 89. Rf3 Qxh6 90. Rg3 Qb6+ 91. Kg2 Qb2+ 92. Kf3 Qe5 93. Kf2 Kf4 94. g5 Qb2+   {White resigns} 0-1

[Event "Team 45 45 League T25"]
[Site "Free Internet Chess Server"]
[Date "2005.01.23"]
[Round "6"]
[White "JoeytheBudgie"]
[Black "silversteel"]
[Result "1-0"]
[WhiteElo "1737"]
[BlackElo "1747"]
[TimeControl "2700+45"]

1. e4 e5 2. Nf3 Nc6 3. Bb5 a6 4. Ba4 Nf6 5. O-O Be7 6. Re1 d6 7. Bxc6+ bxc6 8. d4 exd4 9. Nxd4 Bb7 10. Nf5 O-O 11. Nxe7+ Qxe7 12. Nc3 c5 13. Bg5 h6 14. Bh4 Qe5 15. f3 Nh5 16. Qd2 Rab8 17. b3 f5 18. exf5 Qxf5 19. Re7 Rbc8 20. Rae1 Qg6 21. Nd5 Nf4 22. Nxf4 Qf5 23. Qc3 Rf7 24. Rxf7 Qxf7 25. Re7 Qxe7 26. Bxe7 Re8 27. Qe3 Kf7 28. Qe6#   {Black checkmated} 1-0

[Event "Team 45 45 League T25"]
[Site "Free Internet Chess Server"]
[Date "2005.01.27"]
[Round "6"]
[White "Bengbula"]
[Black "KymF"]
[Result "1/2-1/2"]
[WhiteElo "2097"]
[BlackElo "2096"]
[TimeControl "2700+45"]

1. d4 Nf6 2. Nf3 e6 3. c4 b6 4. g3 Bb7 5. Bg2 Be7 6. O-O O-O 7. d5 exd5 8. Nh4 c6 9. cxd5 Nxd5 10. Nf5 Nc7 11. Nc3 d5 12. e4 Bf6 13. exd5 cxd5 14. Bf4 Nba6 15. Re1 Bc8 16. Nd4 Qd7 17. Nc6 Bxc3 18. Ne7+ Kh8 19. bxc3 Bb7 20. c4 Rad8 21. cxd5 Nxd5 22. Nxd5 Bxd5 23. Bxd5 Qxd5 24. Qxd5 Rxd5 25. Re7 Ra8   {Game drawn by mutual agreement} 1/2-1/2

[Event "Team 45 45 League T25"]
[Site "Free Internet Chess Server"]
[Date "2005.01.24"]
[Round "6"]
[White "nham"]
[Black "Nogger"]
[Result "0-1"]
[WhiteElo "2023"]
[BlackElo "2103"]
[TimeControl "2700+45"]

1. e4 e6 2. d4 d5 3. Nc3 Nf6 4. e5 Nfd7 5. f4 c5 6. Nf3 Nc6 7. Be3 a6 8. Qd2 b5 9. dxc5 Bxc5 10. Bxc5 Nxc5 11. Qf2 Qb6 12. b4 Nd7 13. a4 Nxb4 14. axb5 Qc7 15. Qd2 Qc5 16. Bd3 O-O 17. Nd4 Qxd4 18. Ra4 Qc5   {White resigns} 0-1

[Event "Team 45 45 League T25"]
[Site "Free Internet Chess Server"]
[Date "2005.01.23"]
[Round "6"]
[White "fege"]
[Black "wester"]
[Result "1-0"]
[WhiteElo "2052"]
[BlackElo "1916"]
[TimeControl "2700+45"]

1. e4 c5 2. Nc3 e6 3. f4 Nc6 4. Nf3 d5 5. Bb5 Nf6 6. Bxc6+ bxc6 7. d3 Be7 8. O-O Ba6 9. e5 Nd7 10. b3 c4 11. dxc4 dxc4 12. Re1 Bb4 13. Bd2 Qb6+ 14. Kh1 Rd8 15. Ne4 Bxd2 16. Nd6+ Kf8 17. Qxd2 Nc5 18. Ng5 Rd7 19. b4 Nb7 20. Ngxf7 Rxf7 21. Nxf7 Kxf7 22. Qd7+ Kf8 23. Qxe6 c5 24. Qf5+ Ke7 25. Qg5+ Kf8   {Black resigns} 1-0

[Event "Team 45 45 League T25"]
[Site "Free Internet Chess Server"]
[Date "2005.01.21"]
[Round "6"]
[White "noHz"]
[Black "twinders"]
[Result "0-1"]
[WhiteElo "1836"]
[BlackElo "1638"]
[TimeControl "2700+45"]

1. e4 c5 2. Nf3 d6 3. d4 cxd4 4. c3 dxc3 5. Nxc3 Nf6 6. Bc4 g6 7. e5 Ng4 8. Ng5 Nxe5 9. Bb3 e6 10. Nge4 d5 11. Ba4+ Bd7 12. Qd4 Bg7 13. Bh6 Nf3+ 14. gxf3 Bxd4 15. O-O-O Bxc3 16. Bxd7+ Nxd7 17. Nxc3 Qh4 18. Bg7 Rg8 19. Bd4 Qf4+ 20. Kb1 Qxf3 21. Rhe1 Nb6 22. Nb5 Kd7 23. Na3 Rgc8 24. Nc2 Rc6 25. Ne3 Rac8 26. Bc3 Rxc3 27. bxc3 Rxc3 28. Nc2 Qf5 29. Re2 Nc4 30. Rc1 Na3+ 31. Kb2 Rxc2+ 32. Rexc2 Nxc2 33. Rxc2 Qf4 34. h3 d4 35. Kb3 Qf3+ 36. Kc4 e5 37. h4 d3 38. Rd2 e4 39. Kd4 f5 40. Rb2 Kc6 41. a4 Qe2 42. Rb4 d2   {White resigns} 0-1

[Event "Team 45 45 League T25"]
[Site "Free Internet Chess Server"]
[Date "2005.01.22"]
[Round "6"]
[White "lodda"]
[Black "plume"]
[Result "0-1"]
[WhiteElo "1929"]
[BlackElo "1943"]
[TimeControl "2700+45"]

1. d4 e6 2. c4 Nf6 3. Nc3 Bb4 4. e3 c5 5. Nf3 O-O 6. Be2 d5 7. O-O Nc6 8. a3 Bxc3 9. bxc3 dxc4 10. Bxc4 Qc7 11. Qe2 e5 12. dxe5 Nxe5 13. Nxe5 Qxe5 14. Bb2 Ng4 15. g3 Qh5 16. f3 Ne5 17. Rad1 Bh3 18. Rf2 Rad8 19. Rb1 Rd6 20. Bb3 Rfd8 21. g4 Qh4 22. Kh1 Nd3 23. Rg2 Bxg2+ 24. Kxg2 Ne1+ 25. Kf1 Rd2 26. Qxe1 Qh3+ 27. Kg1 Qg2#   {White checkmated} 0-1

[Event "Team 45 45 League T25"]
[Site "Free Internet Chess Server"]
[Date "2005.01.20"]
[Round "6"]
[White "Clodagh"]
[Black "Huevon"]
[Result "1/2-1/2"]
[WhiteElo "1870"]
[BlackElo "1976"]
[TimeControl "2700+45"]

1. e4 e6 2. Nc3 d5 3. d4 Nf6 4. e5 Nfd7 5. Nf3 c5 6. dxc5 Bxc5 7. Be3 Bxe3 8. fxe3 Nc6 9. e4 Ndxe5 10. exd5 exd5 11. Nxe5 Nxe5 12. Qxd5 O-O 13. O-O-O Qxd5 14. Nxd5 b6 15. Bb5 Bb7 16. Ne7+ Kh8 17. Rhe1 f6 18. Re3 Bxg2 19. Rd2 Bb7 20. Rde2 a6 21. Bd3 g6 22. Be4 Bxe4 23. Rxe4 Rad8 24. c4 b5 25. cxb5 axb5 26. Rc2 Rd7 27. Nc6 Re8 28. Nxe5 fxe5 29. Rc5 Kg7 30. Rexe5 Rxe5 31. Rxe5 Rb7 32. Rc5 Kf6 33. Kc2 h5 34. b4 g5 35. h4 g4 36. Kd3 Rg7 37. Ke4 Rg8 38. Rxb5 g3 39. Rg5 Rxg5 40. hxg5+ Kxg5 41. Kf3 Kh4 42. Kg2 Kg4 43. b5 h4 44. b6 h3+ 45. Kg1 Kf3 46. b7 h2+ 47. Kh1 Kf2 48. b8=Q g2+ 49. Kxh2 g1=Q+ 50. Kh3 Qf1+ 51. Kh4 Qc4+ 52. Kg5 Ke3 53. Qe5+ Kd3 54. Qg3+ Kc2   {Game drawn by mutual agreement} 1/2-1/2

[Event "Team 45 45 League T25"]
[Site "Free Internet Chess Server"]
[Date "2005.01.31"]
[Round "6"]
[White "RussoTuristo"]
[Black "grandesorciere"]
[Result "1/2-1/2"]
[WhiteElo "1836"]
[BlackElo "1834"]
[TimeControl "2700+45"]

1. c4 e5 2. Nc3 Nf6 3. e3 d5 4. cxd5 Nxd5 5. Nge2 Nb6 6. g3 Bg4 7. Bg2 c6 8. O-O Be7 9. b3 O-O 10. Bb2 N8d7 11. f3 Bh5 12. Kh1 Nf6 13. d4 Nfd5 14. Nxd5 Nxd5 15. Qd3 Bg6 16. e4 Nb4 17. Qd1 exd4 18. Bxd4 c5 19. Bg1 b6 20. a3 Nc6 21. Nf4 Bf6 22. Qxd8 Raxd8 23. Rad1 Bd4 24. Nxg6 hxg6 25. f4 Bxg1 26. Kxg1 Rxd1 27. Rxd1 Rd8 28. Rxd8+ Nxd8 29. e5 f6 30. Bd5+ Kf8 31. Kf2 g5 32. Ke3 gxf4+ 33. gxf4 fxe5 34. fxe5 Ke7 35. Kf4 Ne6+   {Game drawn by mutual agreement} 1/2-1/2

[Event "Team 45 45 League T25"]
[Site "Free Internet Chess Server"]
[Date "2005.01.21"]
[Round "6"]
[White "RomaLavrn"]
[Black "Pilia"]
[Result "0-1"]
[WhiteElo "1775"]
[BlackElo "1920"]
[TimeControl "2700+45"]

1. c4 c6 2. e4 d5 3. exd5 cxd5 4. d4 Nf6 5. Nc3 Nc6 6. Bg5 dxc4 7. Nf3 Bg4 8. Bxc4 Bxf3 9. Qxf3 Qxd4 10. Qe2 e6 11. O-O Be7 12. Bxe6 fxe6 13. Qxe6 Qe5 14. Qxe5 Nxe5 15. Rfe1 Nc6 16. Bxf6 gxf6 17. Nd5 Kf7 18. Rac1 Bd6 19. Re3 Rad8 20. Rf3 Bxh2+ 21. Kxh2 Rxd5 22. g4 h5 23. Rh3 Rg5 24. Rd1 Ne5 25. gxh5 Ng4+   {White resigns} 0-1

[Event "Team 45 45 League T25"]
[Site "Free Internet Chess Server"]
[Date "2005.01.22"]
[Round "6"]
[White "MStav"]
[Black "Woodchuck"]
[Result "1/2-1/2"]
[WhiteElo "1719"]
[BlackElo "1610"]
[TimeControl "2700+45"]

1. d4 Nf6 2. Nf3 g6 3. c3 c5 4. Bf4 Nc6 5. e3 e6 6. Bb5 a6 7. Qa4 Qb6 8. c4 cxd4 9. O-O dxe3 10. Bxe3 Bc5 11. Bxc5 Qxc5 12. Bxc6 bxc6 13. Qc2 O-O 14. b3 d5 15. Nbd2 Bb7 16. Qc3 Nd7 17. b4 Qd6 18. c5 Qc7 19. Rfe1 Rae8 20. Ne5 Nxe5 21. Rxe5 f6 22. Re2 e5 23. Rae1 Kg7 24. f4 e4 25. g3 Bc8 26. Nb3 h5 27. Nd4 Kh7 28. Re3 g5 29. Ne2 Qg7   {Game drawn by mutual agreement} 1/2-1/2

[Event "Team 45 45 League T25"]
[Site "Free Internet Chess Server"]
[Date "2005.01.25"]
[Round "6"]
[White "ahorse"]
[Black "BIRDSMAN"]
[Result "1-0"]
[WhiteElo "1655"]
[BlackElo "1568"]
[TimeControl "2700+45"]

1. d4 e6 2. e4 c5 3. Nf3 cxd4 4. Nxd4 Nf6 5. Bg5 d6 6. Nc3 a6 7. f4 Be7 8. Qf3 Nbd7 9. O-O-O Qc7 10. Bd3 O-O 11. g4 Nc5 12. Bxf6 Bxf6 13. Nde2 b5 14. g5 Be7 15. f5 exf5 16. exf5 Bb7 17. Qh5 Bxh1 18. f6 Nxd3+ 19. Rxd3 gxf6 20. Rh3   {Black resigns} 1-0

[Event "Team 45 45 League T25"]
[Site "Free Internet Chess Server"]
[Date "2005.01.22"]
[Round "6"]
[White "Vinoblanca"]
[Black "phorku"]
[Result "0-1"]
[WhiteElo "1464"]
[BlackElo "1508"]
[TimeControl "2700+45"]

1. d4 d5 2. c4 e6 3. Nc3 c5 4. e3 Nc6 5. Nf3 Nf6 6. b3 cxd4 7. exd4 Bb4 8. Bb2 Ne4 9. Qc2 Qa5 10. Rc1 e5 11. Kd1 Bf5 12. Nxd5 Rd8 13. Nxb4 Qxb4 14. d5 Qc5 15. Ke1 Nb4 16. Qe2 Nxa2 17. Bxe5 Qb4+ 18. Nd2 Nxc1   {White resigns} 0-1

[Event "Team 45 45 League T25"]
[Site "Free Internet Chess Server"]
[Date "2005.01.21"]
[Round "6"]
[White "AlesD"]
[Black "mrmahoon"]
[Result "1-0"]
[WhiteElo "1570"]
[BlackElo "1605"]
[TimeControl "2700+45"]

1. d4 Nf6 2. e3 d5 3. Bd3 e6 4. Nf3 c5 5. c3 cxd4 6. exd4 Nbd7 7. O-O b6 8. Re1 Be7 9. Bf4 Bb7 10. Ne5 O-O 11. Qc2 g6 12. Re3 Nxe5 13. Bxe5 Ne4 14. Bxe4 dxe4 15. Nd2 f5 16. f3 Bf6 17. fxe4 Bxe4 18. Nxe4 Bxe5 19. dxe5 fxe4 20. Qxe4 Qc7 21. Rf1 Rf5 22. Rxf5 exf5 23. Qxa8+ Kg7 24. Qd5 Qe7 25. e6 f4 26. Qe5+ Kg8 27. Qxf4 g5 28. Qf7+ Qxf7 29. exf7+ Kxf7   {Black resigns} 1-0

[Event "Team 45 45 League T25"]
[Site "Free Internet Chess Server"]
[Date "2005.01.24"]
[Round "6"]
[White "rgadoury"]
[Black "tjraczko"]
[Result "1-0"]
[WhiteElo "1434"]
[BlackElo "1572"]
[TimeControl "2700+45"]

1. d4 d5 2. Nf3 Nf6 3. e3 e6 4. a3 c5 5. c4 Nc6 6. Nc3 Be7 7. cxd5 exd5 8. dxc5 Bxc5 9. Be2 O-O 10. O-O h6 11. Rb1 b6 12. b4 Be7 13. Bb2 a6 14. h3 Bd6 15. Kh1 Be7 16. Qc2 Be6 17. Rfd1 Qc8 18. Bd3 Rd8 19. Ne2 Bd6 20. Nfd4 Bxh3 21. Nxc6 Bxg2+ 22. Kxg2 Qg4+ 23. Ng3 Rdc8 24. Bxf6 gxf6 25. Bf5   {Black resigns} 1-0

[Event "Team 45 45 League T25"]
[Site "Free Internet Chess Server"]
[Date "2005.01.20"]
[Round "6"]
[White "couv"]
[Black "Triplea"]
[Result "1-0"]
[WhiteElo "1535"]
[BlackElo "1311"]
[TimeControl "2700+45"]

1. d4 Nf6 2. c3 d5 3. e3 e6 4. Bd3 Bd6 5. Nd2 c5 6. f4 cxd4 7. cxd4 Nc6 8. Ngf3 Ng4 9. Qe2 Nb4 10. Bb1 Qb6 11. a3 Nc6 12. O-O O-O 13. Bxh7+ Kxh7 14. Ng5+ Kg8 15. Qxg4 Bd7 16. Qh5 Rae8 17. Qh7#   {Black checkmated} 1-0

[Event "Team 45 45 League T25"]
[Site "Free Internet Chess Server"]
[Date "2005.01.23"]
[Round "6"]
[White "DesparateDan"]
[Black "MattBinMi"]
[Result "1-0"]
[WhiteElo "1597"]
[BlackElo "1593"]
[TimeControl "2700+45"]

1. e4 d5 2. exd5 Nf6 3. c4 e6 4. d4 exd5 5. Nc3 Bb4 6. Bd3 O-O 7. Ne2 dxc4 8. Bxc4 Ne4 9. O-O Nxc3 10. bxc3 Bd6 11. Qd3 Nd7 12. Ng3 Nf6 13. Bg5 Bxg3 14. fxg3 Qd6 15. Bxf6 gxf6 16. Qf3 f5 17. Bd3 c6 18. Bxf5 Bxf5 19. Qxf5 Qg6 20. Rf4 Qxf5 21. Rxf5 Rae8 22. Kf2 Kg7 23. Rb1 Kg6 24. g4 b6 25. h4 h6 26. a4 Re4 27. Kf3 Rfe8 28. h5+ Kg7 29. a5 Re3+ 30. Kf2 b5 31. d5 Rxc3 32. dxc6 Rxc6 33. Rbxb5 a6 34. Rb7 Rf6 35. Rxf6 Kxf6 36. Rb6+ Re6 37. Rxe6+ Kxe6 38. Ke3 f6 39. Ke4 Kf7 40. Kf5 Kg7 41. Ke6 Kf8 42. Kxf6   {Black resigns} 1-0

[Event "Team 45 45 League T25"]
[Site "Free Internet Chess Server"]
[Date "2005.01.23"]
[Round "6"]
[White "twotowers"]
[Black "Holyphant"]
[Result "0-1"]
[WhiteElo "1575"]
[BlackElo "1649"]
[TimeControl "2700+45"]

1. Nf3 c5 2. g3 Nf6 3. Bg2 e6 4. O-O d5 5. d3 g6 6. Nbd2 Bg7 7. c4 O-O 8. b4 Ne4 9. Rb1 Nc3 10. Qb3 Nxb1 11. Nxb1 Nd7 12. cxd5 exd5 13. Nc3 cxb4 14. Qxb4 Nb6 15. a4 a5 16. Qb3 Be6 17. Nb5 Qd7 18. Ba3 Rfc8 19. Nbd4 Nxa4 20. Nb5 Nc3 21. Nfd4 Nxb5 22. Nxb5 Ra6 23. Rb1 Rb6 24. Qa4 Bc3 25. e3 Bb4 26. Bxb4 Qxb5   {White resigns} 0-1

[Event "Team 45 45 League T25"]
[Site "Free Internet Chess Server"]
[Date "2005.01.26"]
[Round "6"]
[White "clarinetref"]
[Black "Berke"]
[Result "0-1"]
[WhiteElo "1510"]
[BlackElo "1518"]
[TimeControl "2700+45"]

1. Nf3 d5 2. c4 Nf6 3. e3 Nc6 4. cxd5 Nxd5 5. a3 Bg4 6. Be2 e6 7. O-O Bd6 8. h3 Bf5 9. Nc3 Nxc3 10. bxc3 O-O 11. Nh4 Qxh4 12. d3 Bxh3 13. gxh3 Qxh3 14. f4 Qg3+ 15. Kh1 f5 16. Qe1 Qh3+ 17. Kg1 Rf6 18. Bf3 Rg6+   {White resigns} 0-1

[Event "Team 45 45 League T25"]
[Site "Free Internet Chess Server"]
[Date "2005.01.19"]
[Round "6"]
[White "KlassAct"]
[Black "Hartford"]
[Result "0-1"]
[WhiteElo "1320"]
[BlackElo "1508"]
[TimeControl "2700+45"]

1. e4 e5 2. Nf3 Nf6 3. Nc3 Nc6 4. Bc4 Nxe4 5. Nxe4 d5 6. Bd3 dxe4 7. Bxe4 Bd6 8. d4 Nxd4 9. Nxd4 exd4 10. Qxd4 O-O 11. Be3 Re8 12. O-O-O Qe7 13. Bd3 b6 14. Rhe1 Be6 15. Bc4 Bxc4 16. Qxc4 Bxh2 17. g3 Rad8 18. Rxd8 Rxd8 19. Qc3 Qd7 20. Rh1 Qd5 21. Re1 Qxa2 22. b3 Re8 23. Qxc7 Qa1+ 24. Kd2 Qa5+ 25. Qc3 Rd8+   {White resigns} 0-1

[Event "Team 45 45 League T25"]
[Site "Free Internet Chess Server"]
[Date "2005.01.24"]
[Round "2"]
[White "chesstalker"]
[Black "Triplea"]
[Result "0-1"]
[WhiteElo "1355"]
[BlackElo "1303"]
[TimeControl "2700+45"]

1. e4 e5 2. Bc4 Nf6 3. Nc3 g6 4. Nf3 Nc6 5. a4 Bc5 6. O-O Nd4 7. Ng5 O-O 8. d3 d6 9. Ne2 Bg4 10. f3 Nxc2+ 11. Kh1 Nxa1 12. fxg4 h6 13. Nf3 Nxg4 14. d4 exd4 15. Nexd4 Ne5 16. Bxh6 Re8 17. Nxe5 dxe5 18. Bxf7+ Kh7 19. Bxe8 Qxd4 20. Rf7+ Kxh6 21. Qc1+ Qe3 22. Qxe3+ Bxe3 23. Bb5 Rd8 24. Rf1 c6 25. Rxa1 cxb5 26. axb5 Rd2 27. b4 Rc2 28. h3 Rc4 29. Rd1 Rxb4 30. Rd5 Rxe4 31. Rd7 a5 32. Rxb7 a4 33. b6 a3 34. Rb8 a2 35. Rh8+ Kg7 36. Kh2 Kxh8 37. b7 Rb4   {White resigns} 0-1

[Event "Team 45 45 League T25"]
[Site "Free Internet Chess Server"]
[Date "2005.01.27"]
[Round "6"]
[White "jerryrab"]
[Black "hotjazz"]
[Result "1-0"]
[WhiteElo "1228"]
[BlackElo "1368"]
[TimeControl "2700+45"]

1. f4 g6 2. Nf3 Bg7 3. d4 Nf6 4. Nc3 d5 5. e3 O-O 6. Bd3 Bg4 7. O-O Qd7 8. h3 Bh5 9. g4 Nxg4 10. hxg4 Qxg4+ 11. Kh2 Qd7 12. Be2 e6 13. Ne5 Qe7 14. Bxh5 Qh4+ 15. Kg1 Qg3+ 16. Kh1 gxh5 17. Qxh5 f5 18. Rg1 Qf2 19. Qg5 Rf7 20. Nxf7 Qf3+ 21. Kh2 Kxf7 22. Qxg7+ Ke8 23. Qh8+ Kd7 24. Qxh7+ Kc6 25. Qg6 Kb6 26. Qxe6+ c6 27. Qxf5 Na6 28. Na4+ Kb5 29. Nc3+ Kc4 30. Qd3+ Kb4 31. a3+ Ka5 32. b4+ Kb6 33. Na4+ Kc7 34. Qh7+ Kd6 35. Rg6#   {Black checkmated} 1-0

[Event "Team 45 45 League T25"]
[Site "Free Internet Chess Server"]
[Date "2005.01.21"]
[Round "6"]
[White "MStav"]
[Black "ButiOxa"]
[Result "0-1"]
[WhiteElo "1730"]
[BlackElo "1747"]
[TimeControl "2700+45"]

1. d4 Nf6 2. Bg5 Ne4 3. Bf4 d6 4. f3 Nf6 5. e4 g6 6. Bd3 Nc6 7. Ne2 e5 8. Be3 Bg7 9. Qd2 exd4 10. Nxd4 Nd7 11. Nxc6 bxc6 12. c3 Ne5 13. Na3 Nxd3+ 14. Qxd3 c5 15. Rd1 O-O 16. O-O a5 17. Rf2 Be6 18. c4 Qb8 19. b3 a4 20. Rb1 axb3 21. Rxb3 Qa7 22. Nb5 Qa4 23. Nxc7 Bxc4 24. Qxd6 Rad8   {White resigns} 0-1

[Event "Team 45 45 League T25"]
[Site "Free Internet Chess Server"]
[Date "2005.01.22"]
[Round "6"]
[White "threeNT"]
[Black "Gazzer"]
[Result "1-0"]
[WhiteElo "1704"]
[BlackElo "1740"]
[TimeControl "2700+45"]

1. e4 c6 2. d4 d5 3. Nc3 dxe4 4. Nxe4 Bf5 5. Ng3 Bg6 6. h4 h6 7. Nf3 Nd7 8. h5 Bh7 9. Bd3 Bxd3 10. Qxd3 Ngf6 11. Bf4 Qa5+ 12. Bd2 Qc7 13. Qe2 e6 14. O-O-O Bd6 15. Ne4 Nxe4 16. Qxe4 Nf6 17. Qe2 Bf4 18. Ne5 Bxd2+ 19. Rxd2 O-O 20. f4 Qa5 21. Kb1 Qd5 22. Re1 Rfd8 23. g4 Qa5 24. g5 Nxh5 25. gxh6 Nf6 26. Qg2 g6 27. Nxg6 Rxd4 28. Nh8+ Kf8 29. Qg7+   {Black resigns} 1-0

[Event "Team 45 45 League T25"]
[Site "Free Internet Chess Server"]
[Date "2005.01.20"]
[Round "6"]
[White "twinders"]
[Black "BlkSabb"]
[Result "1-0"]
[WhiteElo "1623"]
[BlackElo "1764"]
[TimeControl "2700+45"]

1. d4 g6 2. c4 Bg7 3. Nc3 c5 4. e3 Nf6 5. Nf3 cxd4 6. exd4 O-O 7. Be2 d6 8. O-O Nbd7 9. Re1 Nb6 10. Bg5 Qc7 11. b3 h6 12. Bh4 g5 13. Bg3 Qd8 14. Nd2 Nfd7 15. Nf1 e5 16. dxe5 dxe5 17. Rc1 Qe7 18. Ne3 Nf6 19. Qc2 e4 20. f3 Nh5 21. Bf2 f5 22. fxe4 Nf4 23. Nxf5 Bxf5 24. exf5 Bxc3 25. Bf3 Bxe1 26. Rxe1 Qf6 27. Bxb7 Rae8 28. Rd1 Re2 29. Qb1 Qb2 30. Qxb2 Rxb2 31. c5 Nc8 32. h3 Ne7 33. Be3 Rxg2+ 34. Bxg2 Nxg2 35. Kxg2 Rxf5 36. Rd7 Nd5 37. Bf2 Nf4+ 38. Kg3 Nxh3 39. Kxh3 Rxf2 40. c6 Rc2 41. c7 Rc3+ 42. Kg4 h5+ 43. Kxh5 Rh3+ 44. Kxg5 Rc3 45. Rd8+ Kf7 46. c8=Q Rxc8 47. Rxc8 Ke7 48. Rc7+ Kf8 49. Rxa7 Kg8 50. b4 Kh8 51. Kg6 Kg8 52. Ra8#   {Black checkmated} 1-0